 Dungeon Crawl Stone Soup version 0.30-a0-591-g3c58d2bc28 (webtiles) character file.

Game seed: 12786218310748315669

40 spardeous the Ducker (level 3, -1/14 HPs)
             Began as a Felid Earth Elementalist on Jan 6, 2023.
             Slain by a gnoll
             ... wielding a +0 club
             ... led by a gnoll bouda
              (7 damage)
             ... on level 4 of the Dungeon.
             The game lasted 00:02:25 (677 turns).

spardeous the Ducker (Felid Earth Elementalist)      Turns: 677, Time: 00:02:25

Health: -1/14      AC:  1    Str:  4    XL:     3   Next: 30%
Magic:  3/7        EV: 19    Int: 18    God:
Gold:   25         SH:  0    Dex: 16    Spells: 5/6 levels left
                                        Lives:  0   Deaths: 1

rFire   . . .      SeeInvis +    (weapon unavailable)
rCold   . . .      Faith    .    (shield unavailable)
rNeg    . . .      Spirit   .    (body armour unavailable)
rPois   .          Reflect  .    (helmet unavailable)
rElec   .          Harm     .    (cloak unavailable)
rCorr   .          Rampage  .    (gloves unavailable)
Will    .....                    (boots unavailable)
Stlth   ++                       (no amulet)
HPRegen 0.22/turn                (no ring)
MPRegen 0.10/turn                (no ring)

@: very slightly contaminated, quick
A: very small, claws 1, fangs 3, see invisible, speed 1, shaggy fur 1, stealthy
paws, no weapons or thrown items, no armour, multi-lived
a: no special abilities


You were on level 4 of the Dungeon.
You visited 1 branch of the dungeon, and saw 4 of its levels.

You collected 25 gold pieces.

Inventory:

Scrolls
 c - a scroll of blinking {unknown}
 d - a scroll of identify {unknown}
Potions
 a - a potion of magic
 b - a potion of curing
 e - a potion of flight {unknown}


   Skills:
 + Level 4.7 Dodging
 - Level 2.6 Stealth
 - Level 2.0 Spellcasting
 - Level 1.1 Transmutations
 + Level 3.8 Earth Magic


You had 5 spell levels left.
You knew the following spells:

 Your Spells              Type           Power      Damage    Failure   Level
a - Sandblast             Erth           30%        2d9       3%          1

Your spell library contained the following spells:

 Spells                   Type           Power      Damage    Failure   Level
 Passwall                 Tmut/Erth      8%         N/A       10%         2
 Stone Arrow              Conj/Erth      16%        3d8       24%         3
 Petrify                  Tmut/Erth      10%        N/A       54%         4


Dungeon Overview and Level Annotations

Branches:
Dungeon (4/15)
 Temple: D:4-7

Altars:


Innate Abilities, Weirdness & Mutations

You have sharp claws.
You have razor-sharp teeth.
You have supernaturally acute eyesight. (SInv)
You cover ground quickly. (Speed+)
You are covered in fur. (AC +1)
Your paws help you pounce on unaware monsters.
You are incapable of wielding weapons or throwing items.
You cannot wear armour.
You gain extra lives every three experience levels.


Message History

You die...
You are now level 3!
You rejoin the land of the living...
Found 2 black potions.
Casting: Sandblast (safe; 3% risk of failure)
Confirm with . or Enter, or press ? or * to list all spells.
Aiming: Sandblast (safe; 3% risk of failure)
Press: ? - help, Shift-Dir - straight line, f - gnoll, p - gnoll
Aim: a gnoll, wielding a +0 club (moderately wounded, covering ground quickly, 84% to hit)
The blast of sand hits the gnoll.
The gnoll is severely wounded.
Casting: Sandblast (safe; 3% risk of failure)
Confirm with . or Enter, or press ? or * to list all spells.
Aiming: Sandblast (safe; 3% risk of failure)
Press: ? - help, Shift-Dir - straight line, f/p - gnoll
Aim: a gnoll, wielding a +0 club (severely wounded, covering ground quickly, 84% to hit)
You miscast Sandblast.
You are very lightly contaminated with residual magic.
Nothing appears to happen.
The gnoll completely misses you.
Casting: Sandblast (safe; 3% risk of failure)
Confirm with . or Enter, or press ? or * to list all spells.
Aiming: Sandblast (safe; 3% risk of failure)
Press: ? - help, Shift-Dir - straight line, f/p - gnoll
Aim: a gnoll, wielding a +0 club (severely wounded, covering ground quickly, 84% to hit)
The blast of sand misses the gnoll.
The blast of sand hits the gnoll but does no damage.
The gnoll is heavily wounded.
The gnoll drinks a potion.
The gnoll is healed!
The gnoll misses you.
Casting: Sandblast (safe; 3% risk of failure)
Confirm with . or Enter, or press ? or * to list all spells.
Aiming: Sandblast (safe; 3% risk of failure)
Press: ? - help, Shift-Dir - straight line, f/p - gnoll
Aim: a gnoll, wielding a +0 club (lightly wounded, covering ground quickly, 84% to hit)
The blast of sand hits the gnoll!
The gnoll is severely wounded.
The gnoll is no longer moving quickly.
The gnoll hits you with a +0 club!
Ouch! That really hurt!
The gnoll closely misses you. The gnoll hits you with a +0 club!
Ouch! That really hurt!
You die...

.##.###..##....# ####
............####
........†.....#######
....#####...........# #
#!..#.....#.#....#######
##...#.###....<##.).)....
...............###.......
.###..#.####.......S......
.........@ggSg.....#######
###..#.######...#.... #.
#...##...........#
###.......######...
#..###.# ## ..## #.. ###
#.


You could see a gnoll bouda, 2 gnolls and a ball python.

Vanquished Creatures
  6 gnolls
  3 endoplasms
  3 giant cockroaches
  4 goblins
  5 hobgoblins
  2 kobolds (D:1)
  A quokka (D:1)
  2 ball pythons
  A bat (D:1)
  A frilled lizard (D:1)
  3 rats
31 creatures vanquished.

Notes
Turn   | Place    | Note
-------+----------+-------------------------------------------
     0 | D:1      | spardeous the Felid Earth Elementalist began the quest for
                  | the Orb.
     0 | D:1      | Reached XP level 1. HP: 7/7 MP: 4/4
    71 | D:1      | Reached skill level 3 in Dodging
    97 | D:1      | Reached XP level 2. HP: 11/11 MP: 1/6
   363 | D:2      | Reached XP level 3. HP: 14/14 MP: 3/7
   366 | D:2      | Reached skill level 4 in Dodging
   587 | D:4      | Reached XP level 4. HP: 18/18 MP: 6/8
   671 | D:4      | Slain by a gnoll
   672 | D:4      | Reached XP level 3. HP: 0/14 MP: 5/7
   677 | D:4      | Slain by a gnoll

Illustrated notes

Levels and vault maps discovered:
D:1:      noname_arrival_rooms_in_the_neighbourhood, layout_rooms,
          minmay_pentomino_z4
D:2:      layout_rooms, grunt_decor_junction
D:3:      layout_loops_cross, led_sif_book, serial_forest,
          infiniplex_forest_straight_2, infiniplex_forest_clump_tiny,
          infiniplex_forest_end_3, infiniplex_forest_lined_ring,
          infiniplex_forest_lined_4_way, infiniplex_forest_lined_3_way,
          grunt_ministairs_7, hangedman_decor_growths
D:4:      layout_rooms, lightli_temple_of_fire, minmay_temple_entry_grid,
          portal_sewer_entry_d, uniq_crazy_yiuf_cottage

Skill      XL: |  1  2  3 |
---------------+----------+-----
Dodging        | 3 4 |  4.7
Earth Magic    | 3 |  3.8
Stealth        | |  2.6
Spellcasting   | |  2.0
Transmutations | |  1.1

Action                   |  1- 3 |  4- 6 || total
-------------------------+-------+-------++-------
Melee: Unarmed           |     1 |       ||     1
       Punch             |     1 |       ||     1
 Cast: Sandblast         |    39 |     9 ||    48
Dodge: Dodged            |     8 |     5 ||    13

Table legend: (Time is in decaauts)
 A = Elapsed time spent in this place.
 B = Non-inter-level travel time spent in this place.
 C = Inter-level travel time spent in this place.
 D = Time resting spent in this place.
 E = Time spent auto-exploring this place.
 F = Levels seen in this place.
 G = Mean time per level.
                   A        B        C        D        E       F      G
               +--------+--------+--------+--------+--------+-----+--------+
         Total |    631 |    631 |      0 |     22 |    330 |   4 |  157.8 |
       Dungeon |    631 |    631 |      0 |     22 |    330 |   4 |  157.8 |
               +--------+--------+--------+--------+--------+-----+--------+

Top non-repeatable levels by time:
     D:1: 324 daAuts
     D:2: 122 daAuts
     D:4: 112 daAuts
     D:3: 71 daAuts
